 Dungeon Crawl Stone Soup version 0.29-a0-222-g5b244fca1f (webtiles) character file.

Game seed: 6206486122507647457

109 dolemite99 the Digger (level 4, 0/32 HPs)
             Began as a Gnoll Earth Elementalist on Feb 28, 2022.
             Slain by an iguana (12 damage)
             ... on level 3 of the Dungeon.
             The game lasted 00:02:38 (2078 turns).

dolemite99 the Digger (Gnoll Earth Elementalist)    Turns: 2078, Time: 00:02:39

Health: 0/32       AC:  3    Str: 14    XL:     4   Next: 89%
Magic:  4/11       EV: 13    Int: 16    God:
Gold:   93         SH:  3    Dex: 12    Spells: 3/13 levels left

rFire   . . .      SeeInvis .   e - +2 mace (holy)
rCold   . . .      Faith    .   p - +0 buckler
rNeg    + . .      Spirit   .   b - +0 robe
rPois   .          Reflect  .   (no helmet)
rElec   .          Harm     .   i - +0 cloak
rCorr   .          Rampage  .   (no gloves)
Will    .....                   (no boots)
Stlth   +++.......              (no amulet)
HPRegen 0.10/turn               l - ring of positive energy
MPRegen 0.12/turn               r - +6 ring of strength

@: no status effects
A: fangs 1, strong nose, distributed training
a: no special abilities


You were on level 3 of the Dungeon.
You visited 1 branch of the dungeon, and saw 4 of its levels.

You collected 93 gold pieces.

Inventory:

Hand Weapons
 e - a +2 mace of holy wrath (weapon)
 o - a +0 rapier
Missiles
 a - 63 stones
 d - 2 boomerangs of dispersal
 h - 5 boomerangs
Armour
 b - a +0 robe (worn)
 i - a +0 cloak (worn)
 p - a +0 buckler (worn)
 q - a +0 leather armour
Jewellery
 l - a ring of positive energy (left hand)
 r - a +6 ring of strength (right hand)
Scrolls
 c - a scroll of silence {unknown}
 f - a scroll of noise {unknown}
 g - a scroll of teleportation {unknown}
 j - a scroll of blinking {unknown}
 s - a scroll of summoning {unknown}
Potions
 k - a potion of brilliance {unknown}
 m - a potion of lignification {unknown}
 n - a potion of curing {unknown}


   Skills:
 + Level 1.2 Fighting
 + Level 1.2 Short Blades
 + Level 1.2 Long Blades
 + Level 1.2 Axes
 + Level 1.2 Maces & Flails
 + Level 1.2 Polearms
 + Level 1.2 Staves
 + Level 1.2 Slings
 + Level 1.2 Bows
 + Level 1.2 Crossbows
 + Level 1.2 Throwing
 + Level 1.2 Armour
 + Level 4.7 Dodging
 + Level 4.3 Stealth
 + Level 1.2 Shields
 + Level 1.2 Unarmed Combat
 + Level 5.1 Spellcasting
 + Level 1.0 Conjurations
 + Level 1.0 Hexes
 + Level 1.0 Summonings
 + Level 1.0 Necromancy
 + Level 1.0 Translocations
 + Level 2.3 Transmutations
 + Level 1.0 Fire Magic
 + Level 1.0 Ice Magic
 + Level 1.0 Air Magic
 + Level 5.5 Earth Magic
 + Level 1.0 Poison Magic
 + Level 1.4 Invocations
 + Level 1.2 Evocations


You had 3 spell levels left.
You knew the following spells:

 Your Spells              Type           Power      Damage    Failure   Level
a - Sandblast             Erth           42%        2d11      1%          1
b - Stone Arrow           Conj/Erth      28%        3d8       16%         3
c - Passwall              Tmut/Erth      13%        N/A       6%          2
d - Petrify               Tmut/Erth      16%        N/A       36%         4

Your spell library contained the following spells:

 Spells                   Type           Power      Damage    Failure   Level
 Frozen Ramparts          Ice            14%        1d3       36%         3
 Ice Form                 Ice/Tmut       9%         N/A       69%         4
 Summon Ice Beast         Ice/Summ       7%         N/A       77%         4


Dungeon Overview and Level Annotations

Branches:
Dungeon (4/15)
 Temple: D:4-7

Altars:


Innate Abilities, Weirdness & Mutations

You have very sharp teeth.
Your uncanny sense of smell can sniff out nearby items.
Your experience applies equally to all skills.


Message History

Aiming: Sandblast (safe; 1% risk of failure)
Press: ? - help, Shift-Dir - straight line, f/p - iguana
Aim: an iguana (moderately wounded, 83% to hit)
The blast of sand hits the iguana.
The iguana is heavily wounded.
The iguana bites you.
Casting: Sandblast (safe; 1% risk of failure)
Confirm with . or Enter, or press ? or * to list all spells.
Aiming: Sandblast (safe; 1% risk of failure)
Press: ? - help, Shift-Dir - straight line, f/p - iguana
Aim: an iguana (heavily wounded, 83% to hit)
The blast of sand hits the iguana.
The iguana is severely wounded.
The iguana bites you!
Casting: Sandblast (safe; 1% risk of failure)
Confirm with . or Enter, or press ? or * to list all spells.
Aiming: Sandblast (safe; 1% risk of failure)
Press: ? - help, Shift-Dir - straight line, f/p - iguana
Aim: an iguana (severely wounded, 83% to hit)
The blast of sand hits the iguana but does no damage.
The iguana is severely wounded.
The iguana bites you!
An iguana is nearby!
Casting: Sandblast (safe; 1% risk of failure)
Confirm with . or Enter, or press ? or * to list all spells.
Aiming: Sandblast (safe; 1% risk of failure)
Press: ? - help, Shift-Dir - straight line, f/p - iguana
Aim: an iguana (severely wounded, 83% to hit)
The blast of sand hits the iguana.
The iguana is almost dead.
The iguana bites you but does no damage.
Casting: Sandblast (safe; 1% risk of failure)
Confirm with . or Enter, or press ? or * to list all spells.
Aiming: Sandblast (safe; 1% risk of failure)
Press: ? - help, Shift-Dir - straight line, f/p - iguana
Aim: an iguana (almost dead, 83% to hit)
The blast of sand hits the iguana.
The iguana is almost dead.
The iguana bites you!
You die...

#.#.### #......
###.### #.# #.# #.#
#.#
#.#################.#
#....l@.............#
###################.#
###


You could see an iguana.

Vanquished Creatures
  A jelly (D:3)
  3 adders
  A worm (D:3)
  4 orcs (D:3)
  2 ball pythons
  7 endoplasms
  2 giant cockroaches (D:3)
  4 hobgoblins
  2 quokkas
  9 bats
  3 frilled lizards (D:1)
  3 goblins
  A kobold (D:4)
  3 rats
45 creatures vanquished.

Notes
Turn   | Place    | Note
-------+----------+-------------------------------------------
     0 | D:1      | dolemite99 the Gnoll Earth Elementalist began the quest for
                  | the Orb.
     0 | D:1      | Reached XP level 1. HP: 13/13 MP: 6/6
   283 | D:1      | Reached XP level 2. HP: 17/19 MP: 5/7
   834 | D:2      | Reached skill level 5 in Spellcasting
   834 | D:2      | Reached XP level 3. HP: 25/25 MP: 6/9
  1040 | D:2      | You fall into a shaft and drop 2 floors!
  1057 | D:4      | Learned a level 2 spell: Passwall
  1061 | D:4      | Learned a level 3 spell: Stone Arrow
  1083 | D:4      | Reached skill level 1 in Invocations
  1155 | D:3      | Reached skill level 1 in Fighting
  1155 | D:3      | Reached skill level 1 in Short Blades
  1155 | D:3      | Reached skill level 1 in Long Blades
  1155 | D:3      | Reached skill level 1 in Axes
  1155 | D:3      | Reached skill level 1 in Maces & Flails
  1155 | D:3      | Reached skill level 1 in Polearms
  1155 | D:3      | Reached skill level 1 in Staves
  1155 | D:3      | Reached skill level 1 in Slings
  1155 | D:3      | Reached skill level 1 in Bows
  1155 | D:3      | Reached skill level 1 in Crossbows
  1155 | D:3      | Reached skill level 1 in Throwing
  1155 | D:3      | Reached skill level 1 in Armour
  1155 | D:3      | Reached skill level 1 in Shields
  1155 | D:3      | Reached skill level 1 in Unarmed Combat
  1155 | D:3      | Reached skill level 1 in Evocations
  1155 | D:3      | Reached XP level 4. HP: 32/32 MP: 7/11
  1387 | D:3      | Learned a level 4 spell: Petrify
  1676 | D:3      | Reached skill level 1 in Conjurations
  1676 | D:3      | Reached skill level 1 in Hexes
  1676 | D:3      | Reached skill level 1 in Summonings
  1676 | D:3      | Reached skill level 1 in Necromancy
  1676 | D:3      | Reached skill level 1 in Translocations
  1676 | D:3      | Reached skill level 1 in Fire Magic
  1676 | D:3      | Reached skill level 1 in Ice Magic
  1676 | D:3      | Reached skill level 1 in Air Magic
  1676 | D:3      | Reached skill level 1 in Poison Magic
  2078 | D:3      | Slain by an iguana

Illustrated notes

Levels and vault maps discovered:
D:1:      dpeg_arrival_rhombi, layout_basic, minivault_24
D:2:      layout_basic, serial_shops, nicolae_shop_bloodbath_and_beyond,
          basic_altar, shapermc_ecumenical_altar_gd, minmay_bisected
D:3:      layout_basic, fiery_altar_vehumet
D:4:      layout_loops_ring, mainiacjoe_overflow_boulevard, serial_shops, shop

Skill      XL: |  1  2  3  4 |
---------------+-------------+-----
Transmutations | 2 |  2.3
Spellcasting   | 5 |  5.1
Invocations    | 1 |  1.4
Fighting       | 1 |  1.2
Short Blades   | 1 |  1.2
Long Blades    | 1 |  1.2
Axes           | 1 |  1.2
Maces & Flails | 1 |  1.2
Polearms       | 1 |  1.2
Staves         | 1 |  1.2
Slings         | 1 |  1.2
Bows           | 1 |  1.2
Crossbows      | 1 |  1.2
Throwing       | 1 |  1.2
Armour         | 1 |  1.2
Shields        | 1 |  1.2
Unarmed Combat | 1 |  1.2
Evocations     | 1 |  1.2
Conjurations   | 1 |  1.0
Hexes          | 1 |  1.0
Summonings     | 1 |  1.0
Necromancy     | 1 |  1.0
Translocations | 1 |  1.0
Fire Magic     | 1 |  1.0
Ice Magic      | 1 |  1.0
Air Magic      | 1 |  1.0
Poison Magic   | 1 |  1.0
Dodging        | |  4.7
Stealth        | |  4.3
Earth Magic    | |  5.5

Action                   |  1- 3 |  4- 6 || total
-------------------------+-------+-------++-------
Melee: Unarmed           |     3 |       ||     3
       Mace              |     2 |     3 ||     5
       Bite              |     1 |       ||     1
 Cast: Sandblast         |    41 |    27 ||    68
Armor: Robe              |     7 |     2 ||     9
Dodge: Dodged            |    19 |     4 ||    23

Table legend: (Time is in decaauts)
 A = Elapsed time spent in this place.
 B = Non-inter-level travel time spent in this place.
 C = Inter-level travel time spent in this place.
 D = Time resting spent in this place.
 E = Time spent auto-exploring this place.
 F = Levels seen in this place.
 G = Mean time per level.
                   A        B        C        D        E       F      G
               +--------+--------+--------+--------+--------+-----+--------+
         Total |   2078 |   2015 |     63 |    738 |    817 |   4 |  519.5 |
       Dungeon |   2078 |   2015 |     63 |    738 |    817 |   4 |  519.5 |
               +--------+--------+--------+--------+--------+-----+--------+

Top non-repeatable levels by time:
     D:3: 943 daAuts
     D:1: 754 daAuts
     D:2: 284 daAuts
     D:4: 96 daAuts
